 Dungeon Crawl Stone Soup version 0.29-a0-998-g1987434951 (webtiles) character file.

Game seed: 335671680248712251

1544 spaghetti the Trooper (level 8, -3/84 HPs)
             Began as an Ogre Summoner on Aug 6, 2022.
             Was a Priest of Nemelex Xobeh.
             Slain by a nameless horror (13 damage)
             ... created by miscasting Summon Lightning Spire
             ... on level 6 of the Dungeon.
             The game lasted 00:09:04 (5671 turns).

spaghetti the Trooper (Ogre Summoner)               Turns: 5671, Time: 00:09:04

Health: -3/84      AC:  6    Str: 17    XL:     8   Next: 87%
Magic:  0/17       EV:  9    Int: 18    God:    Nemelex Xobeh [***...]
Gold:   271        SH:  0    Dex:  9    Spells: 6/19 levels left

rFire   . . .      SeeInvis +   r - +8 short sword of the Special Bounties {holy, Drain rC++ Str+4 SInv, short}
rCold   + + .      Faith    .   (no shield)
rNeg    . . .      Spirit   .   a - +0 robe
rPois   .          Reflect  .   (helmet restricted)
rElec   .          Harm     .   d - +2 cloak
rCorr   .          Rampage  .   (gloves unavailable)
Will    .....                   (boots unavailable)
Stlth   +.........              (no amulet)
HPRegen 0.24/turn               (no ring)
MPRegen 0.15/turn               (no ring)

@: about to teleport, very slightly contaminated
A: large, unfitting armour, tough skin 1
a: Renounce Religion, Draw Escape, Draw Destruction, Draw Summoning, Triple Draw


You were on level 6 of the Dungeon.
You worshipped Nemelex Xobeh.
Nemelex Xobeh was most pleased with you.
You visited 1 branch of the dungeon, and saw 6 of its levels.

You collected 271 gold pieces.


Innate Abilities, Weirdness & Mutations

You are too large for most types of armour.
You have tough skin. (AC +1)


   Skills:
 + Level 6.9 Fighting
 - Level 1.7 Dodging
 - Level 1.4 Stealth
 + Level 6.3 Spellcasting
 + Level 6.1 Summonings
 + Level 5.7 Invocations


You had 6 spell levels left.
You knew the following spells:

 Your Spells              Type           Power      Damage    Failure   Level
a - Summon Small Mammal   Summ           100%       N/A       1%          1
b - Call Imp              Summ           27%        N/A       1%          2
c - Call Canine Familiar  Summ           27%        N/A       2%          3
d - Summon Guardian Gole  Hex/Summ       16%        N/A       10%         3
e - Summon Lightning Spi  Summ/Air       16%        N/A       32%         4

Your spell library contained the following spells:

 Spells                   Type           Power      Damage    Failure   Level
 Beastly Appendage        Tmut           10%        N/A       12%         1
 Blink                    Tloc           10%        N/A       17%         2
 Wereblood                Tmut           5%         N/A       17%         2
 Portal Projectile        Hex/Tloc       10%        N/A       34%         3
 Spider Form              Tmut/Pois      5%         N/A       34%         3
 Leda's Liquefaction      Hex/Erth       2%         N/A       75%         4
 Manifold Assault         Tloc           5%         N/A       97%         5
 Storm Form               Tmut/Air       2%         N/A       100%        7

Inventory:

Hand Weapons
 f - a -1 mace {mace}
   (You found it on level 1 of the Dungeon)
 g - a +0 mace {mace}
   (You found it on level 1 of the Dungeon)
 j - a +3 short sword {short}
   (You took it off a kobold on level 2 of the Dungeon)
 o - a +4 hand axe {axe}
   (You found it on level 2 of the Dungeon)
 r - the +8 short sword of the Special Bounties (weapon) {holy, Drain rC++ Str+4 SInv, short}
   (You found it on level 3 of the Dungeon)

   It has been blessed by the Shining One to cause great damage to the undead
   and demons.
   Str:       It affects your strength (+4).
   rC:        It greatly protects you from cold.
   SInv:      It lets you see invisible.
   Drain:     It drains your maximum health when unequipped.
Missiles
 c - 2 atropa-tipped darts {throwing}
 e - 66 stones {throwing}
 z - 6 poisoned darts {throwing}
Armour
 a - a +0 robe (worn)
 d - a +2 cloak (worn)
   (You found it on level 1 of the Dungeon)
Magical Staves
 A - a staff of poison {!astaff}
   (You found it on level 5 of the Dungeon)
Wands
 t - a wand of paralysis (6)
   (You found it on level 3 of the Dungeon)
 w - a wand of digging (11)
   (You found it on level 3 of the Dungeon)
Scrolls
 i - a scroll of blinking {!r}
 k - a scroll of magic mapping {!r}
 l - a scroll of torment {unknown}
 n - a scroll of fear
 s - 4 scrolls of noise {!r}
 u - a scroll of brand weapon
 x - a scroll of enchant armour
 y - a scroll of teleportation {@r4}
 C - 2 scrolls of immolation {unknown}
Potions
 b - a potion of magic
 h - 2 potions of curing {unknown}
 m - 3 potions of flight {unknown}
 p - 2 potions of heal wounds {unknown}
 q - 2 potions of degeneration {unknown}
 v - 2 potions of haste {unknown}
 B - a potion of cancellation {unknown}

Dungeon Overview and Level Annotations

Branches:
Dungeon (6/15) Zot: 26223
 Temple: D:4-7

Altars:
Cheibriados
Makhleb
Nemelex Xobeh
Wu Jian
Zin

Shops:
D:4 =:=(

Annotations:
D:3 Grinder

............ ##
################.........#######
#..............#.........#......
#..............#.........#......
.#.......<......#.........#......
.#..............#.........#......
.#.............(#)........#......
...............z#.).......#......
.....†........XX@..)......#......
#....####..######.........#'#####
##...#####†#.....................
.8...#..[..#.....................
.....#.....#.....................
.....#.....#...........[.........
.8...+.....#.....................
##...#....!#...........).........
....#.....#..)..................


You could see 2 nameless horrors, a wight (ally target) and a friendly -1
trident of Xecsiosupp {elec, Fly Will- Int+3 Dex+5 SInv} (summoned).


Message History

You puncture the iguana!
Your hound bites the iguana.
The iguana bites you but does no damage.
Your hound closely misses the iguana.
You hit the iguana.
Your hound bites the iguana.
The iguana dies!
A necrophage comes into view.
You see here an iguana corpse.
A necrophage is nearby!
A necrophage is nearby!
A necrophage is nearby!
A necrophage is nearby! 😮 HP[+1]
A wight comes into view. It is wielding a +0 vorpal long sword.
Found a burning altar of Makhleb.
The necrophage closely misses you.
You hit the necrophage.
The necrophage convulses.
The necrophage closely misses you.
Casting: Summon Lightning Spire (dangerous; 32% risk of failure)
Confirm with . or Enter, or press ? or * to list all spells.
You miscast Summon Lightning Spire.
You are very lightly contaminated with residual magic.
A fistful of eyes flickers past your view.
A nameless horror comes into view.
Your hound bites the necrophage. x2
The necrophage hits your hound but does no damage. 😮 HP[+1] MP[-4]
You lost 4 mp, and now have 13/17 mp.
Casting: Summon Lightning Spire (dangerous; 32% risk of failure)
Confirm with . or Enter, or press ? or * to list all spells.
You miscast Summon Lightning Spire.
A chorus of moans calls out in your mind.
A nameless horror comes into view.
Your hound bites the necrophage.
The necrophage is destroyed!
The wight hits your hound with a +0 vorpal long sword!
The wight drains your hound.
Your hound dies!
Your hound's corpse disappears in a puff of smoke! 😮 MP[-4]
You lost 4 mp, and now have 9/17 mp.
Unknown command.
Unknown command.
The nameless horror hits you.
You feel your power leaking away. 😮 HP[-3] MP[-3]
You take 3 damage, and now have 45/84 hp.
You lost 3 mp, and now have 6/17 mp.
The nameless horror attacks as you move away!
The nameless horror closely misses you.
You see here an iguana corpse. 😮 HP[+1] 😮 MP[+1]
The nameless horror attacks as you move away!
The nameless horror hits you!
* * * LOW HITPOINT WARNING * * *
You feel your power leaking away.
There is a stone staircase leading up here. 😨 HP[-12] MP[-7]
You take 12 damage, and now have 34/84 hp.
You lost 7 mp, and now have 0/17 mp. 😨 HP[+1]
You can't go up here!
Unknown command.
Unknown command.
Unknown command.
You can't go up here!
Press: ? - help, v - describe, . - travel The floor.
Press: ? - help, v - describe, . - travel
Here: a nameless horror (durably summoned)
A stone staircase leading up.
Unknown command.
The nameless horror attacks as you move away!
The nameless horror hits you.
* * * LOW HITPOINT WARNING * * *
😨 HP[-6]
You take 6 damage, and now have 29/84 hp. 😨 MP[+1] 😨 HP[+1]
The nameless horror attacks as you move away!
The nameless horror hits you!
* * * LOW HITPOINT WARNING * * *
You feel your power leaking away.
There is an open door here. 😱 HP[-14] MP[-1]
You take 14 damage, and now have 16/84 hp.
You lost 1 mp, and now have 0/17 mp.
Okay, then.
You don't have enough magic at the moment.
You draw a card...
You have drawn the Dance.
The nameless horror hits you!
* * * LOW HITPOINT WARNING * * *
😱 HP[-7]
You take 7 damage, and now have 9/84 hp.
Unknown command.
Unknown command.
As you read the scroll of teleportation {@r4}, it crumbles to dust.
You feel strangely unstable. The nameless horror hits you!
You die...
Your body glows slightly and disappears.

Skill      XL: |  1  2  3  4  5  6  7  8 |
---------------+-------------------------+-----
Fighting       | 1 2 3 4 5 6 |  6.9
Invocations    | 1 2 3 4 5 |  5.7
Spellcasting   | 3 4 5 6 |  6.3
Summonings     | 4 5 6 |  6.1
Dodging        | |  1.7
Stealth        | |  1.4

Action                   |  1- 3 |  4- 6 |  7- 9 || total
-------------------------+-------+-------+-------++-------
Melee: Mace              |    50 |       |       ||    50
       Unarmed           |     4 |       |       ||     4
       Short sword       |    34 |    92 |    57 ||   183
       Hand axe          |       |    39 |       ||    39
       Punch             |       |       |     1 ||     1
 Cast: Summon Small Mamm |    17 |     7 |     6 ||    30
       Call Canine Famil |     3 |     8 |     5 ||    16
       Call Imp          |     3 |     6 |     4 ||    13
       Summon Lightning  |       |       |     1 ||     1
Invok: Draw Escape       |       |     4 |       ||     4
       Draw Summoning    |       |     2 |     2 ||     4
       Triple Draw       |       |       |     1 ||     1
       Draw Destruction  |       |       |     1 ||     1
  Use: Scroll            |       |     4 |     4 ||     8
 Stab: Sleeping          |     2 |     3 |       ||     5
       Distracted        |       |       |     2 ||     2
Armor: Robe              |    71 |    57 |    48 ||   176
Dodge: Dodged            |    79 |    58 |    44 ||   181

Levels and vault maps discovered:
D:1:      ncdulo_lavacross, layout_rooms, ebering_ecumenical_altar_rust
D:2:      layout_loops_ring
D:3:      layout_loops_ring, old_standard_altar, minmay_ruptured, uniq_terence,
          uniq_grinder
D:4:      minmay_razor_zed, layout_basic, mainiacjoe_overflow_alcove_1,
          serial_shops, shop, nicolae_shop_stone, kennysheep_mini_moat, shop,
          chequers_serial_rivers_large_a
D:5:      layout_basic, mainiacjoe_overflow_concentric_impassable,
          small_statue_intersection, uniq_eustachio
D:6:      layout_gridville, jmf_multi_god_temple

Notes
Turn   | Place    | Note
-------+----------+-------------------------------------------
     0 | D:1      | spaghetti the Ogre Summoner began the quest for the Orb.
     0 | D:1      | Reached XP level 1. HP: 16/16 MP: 3/3
     0 | D:1      | magus.rc [v1.9.6]
    13 | D:1      | Found a faded altar of an unknown god.
    21 | D:1      | Prayed at the altar of an unknown god.
    21 | D:1      | Became a worshipper of Nemelex Xobeh the Trickster
    21 | D:1      | Reached * piety under Nemelex Xobeh
   238 | D:1      | Reached XP level 2. HP: 16/26 MP: 2/5
   239 | D:1      | Reached skill level 1 in Fighting
   345 | D:1      | Received a gift from Nemelex Xobeh
   349 | D:1      | Learned a level 2 spell: Call Imp
   467 | D:1      | Reached skill level 1 in Invocations
   680 | D:1      | Reached XP level 3. HP: 28/33 MP: 7/7
   806 | D:1      | You pick up a book of the Hunter and begin reading...
   806 | D:1      | You add the spells Portal Projectile and Leda's
                  | Liquefaction to your library.
   892 | D:1      | Learned a level 3 spell: Call Canine Familiar
  1046 | D:2      | Received a gift from Nemelex Xobeh
  1184 | D:2      | Reached skill level 2 in Fighting
  1184 | D:2      | Reached skill level 3 in Spellcasting
  1194 | D:2      | Reached skill level 4 in Summonings
  1335 | D:2      | Reached XP level 4. HP: 32/42 MP: 2/8
  1465 | D:2      | You add the spells Blink, Manifold Assault and Storm Form
                  | to your library.
  1476 | D:2      | Learned a level 3 spell: Summon Guardian Golem
  1536 | D:2      | Reached ** piety under Nemelex Xobeh
  1989 | D:3      | Reached skill level 2 in Invocations
  2317 | D:3      | Noticed Terence
  2333 | D:3      | Killed Terence
  2334 | D:3      | Reached XP level 5. HP: 32/50 MP: 3/10
  2470 | D:3      | Identified the +8 short sword of the Special Bounties
                  | {holy, Drain rC++ Str+4 SInv}
  2720 | D:3      | Found a glowing silver altar of Zin.
  2792 | D:3      | Noticed Grinder
  3153 | D:4      | Found a snail-covered altar of Cheibriados.
  3174 | D:4      | Found Jogami's Antique Weapon Shoppe.
  3194 | D:4      | Found Neteyridd's Jewellery Shoppe.
  3216 | D:4      | Found Qaderr's Book Shoppe.
  3331 | D:4      | Received a gift from Nemelex Xobeh
  3351 | D:4      | Reached skill level 3 in Fighting
  3613 | D:4      | Found Ecosmiy's Jewellery Emporium.
  3651 | D:4      | You pick up a book of Changes and begin reading...
  3651 | D:4      | You add the spells Beastly Appendage, Wereblood and Spider
                  | Form to your library.
  4016 | D:4      | Reached XP level 6. HP: 61/61 MP: 11/11
  4129 | D:5      | Entered Level 5 of the Dungeon
  4129 | D:5      | Found an ornate altar of the Wu Jian Council.
  4239 | D:5      | Noticed Eustachio
  4253 | D:5      | Killed Eustachio
  4254 | D:5      | Reached skill level 4 in Fighting
  4254 | D:5      | Reached skill level 4 in Spellcasting
  4254 | D:5      | Reached skill level 3 in Invocations
  4258 | D:5      | Reached XP level 7. HP: 35/71 MP: 4/13
  4473 | D:5      | Reached skill level 5 in Summonings
  4900 | D:6      | Reached *** piety under Nemelex Xobeh
  4912 | D:6      | Reached skill level 4 in Invocations
  4999 | D:6      | Received a gift from Nemelex Xobeh
  5016 | D:6      | Reached skill level 5 in Fighting
  5019 | D:6      | Reached skill level 5 in Spellcasting
  5021 | D:6      | HP: 18/72 [orc wizard/puff of flame (7)]
  5025 | D:6      | Reached XP level 8. HP: 21/81 MP: 4/15
  5320 | D:6      | Noticed a kobold demonologist
  5336 | D:6      | Killed a kobold demonologist
  5337 | D:6      | Reached skill level 6 in Fighting
  5337 | D:6      | Reached skill level 5 in Invocations
  5343 | D:6      | Learned a level 4 spell: Summon Lightning Spire
  5583 | D:6      | Reached skill level 6 in Spellcasting
  5585 | D:6      | Reached skill level 6 in Summonings
  5652 | D:6      | Found a burning altar of Makhleb.
  5654 | D:6      | Noticed a nameless horror
  5655 | D:6      | Noticed a nameless horror
  5669 | D:6      | HP: 16/84 [nameless horror[miscasting Summon Lightning
                  | Spire] (14)]
  5670 | D:6      | Identified the -1 trident of Xecsiosupp {elec, Fly Will-
                  | Int+3 Dex+5 SInv}
  5671 | D:6      | Slain by a nameless horror

Vanquished Creatures
  Eustachio (D:5)
  2 black bears
  A sky beast (D:6)
  A phantom (D:6)
  A bullfrog (D:6)
  An orc wizard (D:6)
  A gnoll (D:6)
  6 adders
  2 worms (D:4)
  A dart slug (D:2)
  9 orcs
  6 bats
  5 endoplasms
  5 giant cockroaches
  5 hobgoblins
  2 jackals
  7 kobolds
  3 quokkas
  8 ball pythons
  3 frilled lizards
  8 goblins
  4 rats
82 creatures vanquished.

Vanquished Creatures (collateral kills)
  A kobold demonologist (D:6)
  A water moccasin (D:6)
  An ice beast (D:6)
  An ogre (D:5)
  A necrophage (D:6)
  A hound (D:6)
  2 iguanas (D:6)
  Terence (D:3)
  5 gnolls
  An adder (D:2)
  A worm (D:2)
  A dart slug (D:4)
  A bat (D:1)
  2 endoplasms (D:1)
  A giant cockroach (D:2)
  2 goblins
  2 hobgoblins (D:1)
  2 jackals
  A kobold (D:1)
28 creatures vanquished.

Grand Total: 110 creatures vanquished

Table legend:
 A = Non-vault XP
 B = Vault XP
 C = Vault XP percentage of total XP
 D = Non-vault monster count
 E = Vault monster count
 F = Vault count percentage of total count
                 A         B        C        D         E       F
            +---------+---------+-------+---------+---------+-------
      Total |    1765 |     441 |  20.0 |      91 |      21 |  18.8
            +---------+---------+-------+---------+---------+-------
        D:1 |      39 |       0 |   0.0 |      22 |       0 |   0.0
        D:2 |      68 |       0 |   0.0 |      25 |       0 |   0.0
        D:3 |      23 |      43 |  65.2 |      10 |       6 |  37.5
        D:4 |      22 |     126 |  85.1 |      11 |      13 |  54.2
        D:5 |     291 |     191 |  39.6 |       6 |       1 |  14.3
        D:6 |    1322 |      81 |   5.8 |      17 |       1 |   5.6
            +---------+---------+-------+---------+---------+-------

Illustrated notes

Table legend:
 A = Kills in this place as a percentage of kills in entire the game.
 B = Kills by you in this place as a percentage of kills by you in the entire game.
 C = Kills by friends in this place as a percentage of kills by friends in the entire game.
 D = Other kills in this place as a percentage of other kills in the entire game.
 E = Experience gained in this place as a percentage of experience gained in the entire game.
 F = Experience gained in this place divided by the number of levels of this place that you have seen.
                   A       B       C       D       E      F
               +-------+-------+-------+-------+-------+----------------------
         Total | 100.0 | 100.0 | 100.0 | 100.0 | 100.0 | 367.7
       Dungeon | 100.0 | 100.0 | 100.0 | 100.0 | 100.0 | 367.7
               +-------+-------+-------+-------+-------+----------------------

Table legend: (Time is in decaauts)
 A = Elapsed time spent in this place.
 B = Non-inter-level travel time spent in this place.
 C = Inter-level travel time spent in this place.
 D = Time resting spent in this place.
 E = Time spent auto-exploring this place.
 F = Levels seen in this place.
 G = Mean time per level.
                   A        B        C        D        E       F      G
               +--------+--------+--------+--------+--------+-----+--------+
         Total |   5732 |   5588 |    144 |    139 |   4593 |   6 |  955.3 |
       Dungeon |   5732 |   5588 |    144 |    139 |   4593 |   6 |  955.3 |
               +--------+--------+--------+--------+--------+-----+--------+

Top non-repeatable levels by time:
     D:3: 1162 daAuts
     D:4: 1020 daAuts
     D:1: 1006 daAuts
     D:2: 994 daAuts
     D:6: 775 daAuts
     D:5: 772 daAuts
